 Dungeon Crawl Stone Soup version 0.30-a0-718-geaa24f58ff (webtiles) character file.

Game seed: 11276072071286642854

324951 hikkokomori the Warrior (level 21, -10/120 HPs)
             Began as a Vine Stalker Fighter on Jan 25, 2023.
             Was a High Priest of Okawaru.
             Mangled by a yaktaur captain (23 damage)
             ... in the Arena on Jan 26, 2023.
             The game lasted 02:24:30 (36578 turns).

hikkokomori the Warrior (Vine Stalker Fighter)     Turns: 36578, Time: 02:24:31

Health: -10/120    AC: 39    Str: 42    XL:     21   Next: 61%
Magic:  0/36       EV: 20    Int: 29    God:    Okawaru [*****.]
Gold:   526        SH: 14    Dex: 20    Spells: 10/41 levels left

rFire   + . .      SeeInvis +    a - +9 rapier "Macsini" {freeze, Will+ Int+3 Stlth+}
rCold   + + .      Faith    .    c - +1 buckler of Fitid {rPois Int+4 Dex+5}
rNeg    . . .      Spirit   +    b - +13 chain mail of Tenacity {rElec Str+2 Int+2}
rPois   +          Reflect  +    j - +2 helmet {SInv}
rElec   +          Harm     .    e - +2 cloak {Stlth+}
rCorr   .          Rampage  .    B - +0 pair of fencer's gloves {Riposte Dex+3}
Will    +++..                    t - +1 pair of boots "Obboiqiz" {Str+5}
Stlth   ++++++                   y - amulet of reflection
HPRegen 1.20/turn                R - ring of Ywomn {rF+ rC+ Str+8 Dex-5}
MPRegen 0.25/turn                U - ring "Bymar" {rC+ Str+6 Int+6}

@: heroic, studying Conjurations, duelling
A: fangs 3, regeneration 1, magic shield, antimagic bite, no potion heal 2
}: 2/15 runes: decaying, serpentine
a: Renounce Religion, Heroism, Finesse, Duel


You were in the Arena.
You worshipped Okawaru.
Okawaru was extremely pleased with you.
You visited 8 branches of the dungeon, and saw 36 of its levels.
You also visited: Trove, Ossuary and Ice Cave.

You collected 4663 gold pieces.
You spent 4137 gold pieces at shops.

Inventory:

Hand Weapons
 a - the +9 rapier "Macsini" (weapon) {freeze, Will+ Int+3 Stlth+}
   (You bought it in a shop on level 2 of the Elven Halls)

   Int:       It affects your intelligence (+3).
   Will:      It increases your willpower.
   Stlth:     It makes you more stealthy.
 k - the +11 trident "Killer Klown's Peril" {vamp, Str-5 Int+3 Dex+7 Stlth-}
   (You took it off a deep elf demonologist on level 3 of the Elven Halls)

   Str:       It affects your strength (-5).
   Int:       It affects your intelligence (+3).
   Dex:       It affects your dexterity (+7).
   Stlth:     It makes you less stealthy.
 p - the +4 rapier "Ajiomawi" {speed, Fly rF+ rN++ Str-5}
   (You took it off a deep elf annihilator on level 3 of the Elven Halls)

   Str:       It affects your strength (-5).
   rF:        It protects you from fire.
   rN:        It greatly protects you from negative energy.
   Fly:       It grants you flight.
 Z - a +9 quick blade of electrocution
Missiles
 T - 11 curare-tipped darts (quivered)
Armour
 b - the +13 chain mail of Tenacity (worn) {rElec Str+2 Int+2}
   (Okawaru gifted it to you in an ice cave)

   Str:       It affects your strength (+2).
   Int:       It affects your intelligence (+2).
   rElec:     It insulates you from electricity.
 c - the +1 buckler of Fitid (worn) {rPois Int+4 Dex+5}
   (You acquired it on level 11 of the Dungeon)

   Int:       It affects your intelligence (+4).
   Dex:       It affects your dexterity (+5).
   rPois:     It protects you from poison.
 e - a +2 cloak of stealth (worn)
 j - a +2 helmet of see invisible (worn)
 q - the +2 helmet "Qajaxtij" {rF++ Will-}
   (You found it on level 2 of the Dungeon)

   rF:        It greatly protects you from fire.
   Will:      It decreases your willpower.
 t - the +1 pair of boots "Obboiqiz" (worn) {Str+5}
   (Okawaru gifted it to you on level 2 of the Elven Halls)

   Str:       It affects your strength (+5).
 z - the +4 moon troll leather armour {Spirit, Regen++ MP+5}
   (You took it off a deep elf annihilator on level 3 of the Elven Halls)

   MP:        It affects your magic capacity (+5).
   Regen:     It increases your rate of health regeneration.
 B - the +0 pair of fencer's gloves (worn) {Riposte Dex+3}
   (Okawaru gifted it to you on level 3 of the Elven Halls)

   Riposte:   It allows the wearer to riposte with melee weapons, swiftly
   retaliating against missed or blocked melee attacks.
   Dex:       It affects your dexterity (+3).
 C - a +2 kite shield of reflection
Jewellery
 y - an amulet of reflection (around neck)
 I - the ring "Fisos" {Fire MP-9 Str+4 Dex+3}
   (You took it off a deep elf blademaster on level 3 of the Elven Halls)

   [ring of fire]

   It enhances your fire magic.
   Str:       It affects your strength (+4).
   Dex:       It affects your dexterity (+3).
   rF:        It protects you from fire.
   rC:        It makes you vulnerable to cold.
   MP:        It affects your magic capacity (-9).
 L - the amulet of Vitality {RegenMP++ Regen++}
   (You bought it in a shop on level 2 of the Elven Halls)

   [amulet of magic regeneration]

   It increases your rate of magic regeneration.
   Regen:     It increases your rate of health regeneration.
 O - a ring of willpower
 R - the ring of Ywomn (left hand) {rF+ rC+ Str+8 Dex-5}
   (You bought it in a shop on level 2 of the Orcish Mines)

   [ring of protection from cold]

   Str:       It affects your strength (+8).
   Dex:       It affects your dexterity (-5).
   rF:        It protects you from fire.
   rC:        It protects you from cold.
 S - the ring of Melee {Wiz Int+2}
   (You acquired it on level 2 of the Vaults)

   [ring of wizardry]

   It improves your spell success rate.
   Int:       It affects your intelligence (+2).
 U - the ring "Bymar" (right hand) {rC+ Str+6 Int+6}
   (You took it off a deep elf annihilator on level 13 of the Dungeon)

   [ring of strength]

   Str:       It affects your strength (+6).
   Int:       It affects your intelligence (+6).
   rC:        It protects you from cold.
 V - the ring of Naofus {rElec rPois rC- MP+9 Str+6}
   (You took it off a deep elf demonologist on level 3 of the Elven Halls)

   [ring of strength]

   Str:       It affects your strength (+6).
   rC:        It makes you vulnerable to cold.
   rElec:     It insulates you from electricity.
   rPois:     It protects you from poison.
   MP:        It affects your magic capacity (+9).
Wands
 w - a wand of iceblast (54)
 F - a wand of flame (69)
 N - a wand of light (11)
 Y - a wand of mindburst (36)
Scrolls
 g - 5 scrolls of brand weapon
 i - 7 scrolls of fog
 n - 7 scrolls of poison
 r - 3 scrolls of amnesia
 v - 2 scrolls of enchant armour
 A - 10 scrolls of fear
 D - 4 scrolls of blinking
 G - 6 scrolls of magic mapping
 K - 12 scrolls of teleportation
 M - 2 scrolls of enchant weapon
Potions
 d - 6 potions of might
 f - 5 potions of magic
 h - 14 potions of curing
 m - 3 potions of mutation
 o - 4 potions of attraction
 s - 3 potions of invisibility
 u - 4 potions of brilliance
 E - 3 potions of resistance
 H - 2 potions of ambrosia
 J - 3 potions of cancellation
 P - 3 potions of haste
 Q - 13 potions of lignification
 X - 2 potions of berserk rage
Miscellaneous
 l - a phial of floods
 x - a lightning rod (4/4)
 W - a tin of tremorstones (2/2)


   Skills:
 - Level 16.6(21.6) Fighting
 - Level 11.2(16.2) Short Blades
 - Level 12.1(17.1) Armour
 - Level 11.0(16.0) Dodging
 - Level 11.4(16.4) Stealth
 * Level 7.7(12.7) Shields
 - Level 10.7 Spellcasting
 - Level 9.7 Conjurations
 - Level 12.2 Translocations
 - Level 2.9 Transmutations
 - Level 6.3 Air Magic
 - Level 6.8 Earth Magic
 - Level 12.0 Invocations
 - Level 8.8 Evocations


You had 10 spell levels left.
You knew the following spells:

 Your Spells              Type           Power      Damage    Failure   Level
a - Vhi's Electric Charg  Tloc/Air       100%       N/A       1%          3
b - Lesser Beckoning      Tloc           100%       N/A       1%          2
c - Teleport Other        Tloc           72%        N/A       1%          3
d - Gell's Gravitas       Tloc           72%        N/A       1%          3
e - Blink                 Tloc           100%       N/A       1%          2
f - Apportation           Tloc           100%       N/A       1%          1
g - Swiftness             Air            51%        N/A       1%          3
h - Passwall              Tmut/Erth      35%        N/A       1%          2
i - Irradiate             Conj/Tmut      25%        3d20      19%         5
j - Stone Arrow           Conj/Erth      100%       3d13      1%          3
k - Iskenderun's Mystic   Conj/Tloc      68%        2d14      1%          4

Your spell library contained the following spells:

 Spells                   Type           Power      Damage    Failure   Level
 Kiss of Death            Conj/Necr      100%       2d13      1%          1
 Magic Dart               Conj           100%       1d8       1%          1
 Sandblast                Erth           100%       2d20      1%          1
 Momentum Strike          Conj/Tloc      100%       3d10      1%          2
 Static Discharge         Conj/Air       100%       2-7/arc   1%          2
 Dazzling Flash           Conj/Hex       86%        N/A       3%          3
 Mephitic Cloud           Conj/Pois/Air  46%        N/A       3%          3
 Cigotuvi's Dreadful Rot  Necr/Pois/Air  54%        N/A       6%          2
 Arcjolt                  Conj/Air       29%        1d39      10%         5
 Lightning Bolt           Conj/Air       29%        1d45      10%         5
 Flame Wave               Conj/Fire      43%        2d11      12%         4
 Sticky Flame             Conj/Fire      43%        2d6       12%         4
 Ensorcelled Hibernation  Hex/Ice        30%        N/A       14%         2
 Spider Form              Tmut/Pois      23%        N/A       16%         3
 Inner Flame              Hex/Fire       15%        N/A       26%         3
 Ozocubu's Armour         Ice            15%        N/A       26%         3
 Silence                  Hex/Air        16%        N/A       56%         5
 Blade Hands              Tmut           16%        N/A       61%         5
 Anguish                  Hex/Necr       7%         N/A       65%         4
 Dispel Undead            Necr           15%        3d10      65%         4
 Alistair's Intoxication  Tmut/Pois      15%        N/A       80%         5
 Starburst                Conj/Fire      21%        6d7       88%         6
 Agony                    Necr           15%        N/A       94%         5
 Metabolic Englaciation   Hex/Ice        7%         N/A       94%         5
 Dragon Form              Tmut           16%        N/A       100%        7
 Enfeeble                 Hex            7%         N/A       100%        7
 Necromutation            Tmut/Necr      11%        N/A       100%        8
 Call Imp                 Summ           Unusable   N/A       N/A         2
 Death Channel            Necr           Unusable   N/A       N/A         6
 Simulacrum               Ice/Necr       Unusable   N/A       N/A         6
 Haunt                    Necr/Summ      Unusable   N/A       N/A         7

Dungeon Overview and Level Annotations

Branches:
Dungeon (15/15)            Temple (1/1) D:6            Lair (5/5) D:10
  Swamp (4/4) Lair:3        Snake (4/4) Lair:3        Slime (0/5) Lair:5
    Orc (2/2) D:10            Elf (3/3) Orc:2        Vaults (2/5) D:13
  Crypt (0/3) Vaults:2     Depths (0/4) D:15        Ossuary (visited)
  IceCv (visited)

Altars:
Ashenzari
Cheibriados
Dithmenos
Elyvilon
Fedhas
Gozag
Hepliaklqana
Kikubaaqudgha
Makhleb
Nemelex Xobeh
Okawaru
Qazlal
Ru
Sif Muna
Trog
Uskayaw
Vehumet
Wu Jian
Xom
Yredelemnul
Zin
The Shining One
Jiyva

Shops:
D:8 *:**   D:14 :   Orc:2 (*(=   Elf:2 (:=[?   Snake:3 ((?

Annotations:
Vaults:2 Saint Roka


Innate Abilities, Weirdness & Mutations

You have razor-sharp teeth.
Your natural rate of healing is unusually fast.
When hurt, damage is shared between your health and your magic reserves.
Your bite disrupts and absorbs the magic of your enemies.
Potions cannot restore your health.


Message History

The ironbound convoker's magic leaks into the air.
You drain its magic.
You feel invigorated.
The ironbound convoker is heavily wounded.
Saint Roka invokes the aid of Beogh against you.
Beogh smites you!
* * * LOW HITPOINT WARNING * * *
Aiming: Duel (6% risk of failure)
Press: ? - help, Dir - move target, f - yaktaur captain
Aim: a yaktaur captain, wielding a +0 arbalest (severely wounded, strong)
You fail to use your ability.
The yaktaur captain shoots a bolt.
You reflect the bolt off an invisible shield around you!
The bolt hits the ironbound convoker!!
You kill the ironbound convoker!
Okawaru accepts your kill.
The white very ugly thing tentacle-slaps you!
* * * LOW HITPOINT WARNING * * *
The white very ugly thing freezes you! You resist.
* * * LOW HITPOINT WARNING * * *
The sphinx hits you but does no damage. x3
Unknown command.
Aiming: Duel (6% risk of failure)
Press: ? - help, Dir - move target, f/p - yaktaur captain
Aim: a yaktaur captain, wielding a +0 arbalest (heavily wounded, strong)
You enter into single combat with the yaktaur captain!
The world spins around you as you enter the gateway.
You enter Okawaru's Arena!
The spectator shouts!
The yaktaur captain unwields a +0 arbalest.
The yaktaur captain hits you.
* * * LOW HITPOINT WARNING * * *
Found a gate leading back out of this place.
There is an empty arch of ancient stone here.
The spectator shouts! x5
You puncture the yaktaur captain! You freeze the yaktaur captain.
The yaktaur captain is severely wounded.
You hit the yaktaur captain but do no damage.
The yaktaur captain is severely wounded.
The yaktaur captain hits you!!
You die...
Okawaru crowns the yaktaur captain victorious!

###############
#..pp..▓..pp..#
#▓▓▓▓▓▓▓▓▓▓▓▓▓#
#.............#
#.8....@....8.#
#.....c.......#
#▓▓▓▓▓▓▓▓▓▓▓▓▓#
#p.▓.p▓∩▓p.▓.p#
###############


You could see a yaktaur captain (strong).

Vanquished Creatures
  Frederick (Vaults:2)
  Vashnia (Snake:2)
  Nikola (Snake:2)
  A tentacled monstrosity (Swamp:4)
  2 deep elf master archers (Elf:3)
  3 deep elf blademasters
  Frances (Swamp:1)
  Gastronok (D:8)
  A tengu reaver (D:13)
  7 nagarajas
  2 fenstrider witches
  7 deep elf sorcerers
  A frost giant (D:13)
  Aizul (Snake:2)
  4 vault wardens
  4 deep elf elementalists (Elf:3)
  3 very ugly things (Swamp:4)
  8 ironbound preservers
  5 ironbound thunderhulks
  A war gargoyle (Vaults:2)
  8 deep elf demonologists (Elf:3)
  Nessos (D:14)
  2 eleionomae
  7 deep elf annihilators
  8 dire elephants
  7 bunyips
  Snorg (D:12)
  2 ettins (D:13)
  A green death (Swamp:4)
  9 deep elf death magi
  Josephine (D:15)
  An entropy weaver (Vaults:1)
  2 yaktaur captains (Vaults:2)
  3 deep elf high priests
  A great orb of eyes (Vaults:1)
  A shambling mangrove (Swamp:4)
  16 hydras
  3 salamander tyrants (Snake:4)
  3 vault guards (Vaults:1)
  2 ghost crabs
  An ogre mage (D:15)
  A catoblepas (D:12)
  An ice dragon (Lair:5)
  7 anacondas
  A jorogumo (shapeshifter) (D:13)
  12 centaur warriors
  9 ironbound frosthearts
  7 boulder beetles
  6 alligators
  7 two-headed ogres
  A death knight (D:13)
  7 death yaks
  14 naga warriors
  The ghost of superbruh the Basher, a novice MiFi of Hepliaklqana (D:9)
  14 naga sharpshooters
  30 dancing weapons
  4 shock serpents
  A tengu warrior (D:15)
  3 orc high priests (Orc:2)
  25 deep elf knights
  10 skeletal warriors
  4 goliath frogs
  22 deep trolls
  Amaemon (D:8)
  7 naga ritualists
  A flayed ghost (D:15)
  2 sea snakes (Snake:1)
  13 swamp dragons
  A spectral hydra (Lair:3)
  5 bog bodies
  2 spriggan druids
  2 tengu zombies (Vaults:2)
  9 ironbound convokers
  6 orc knights
  A glowing orange brain (Vaults:1)
  6 lindwurms
  30 deep elf zephyrmancers
  4 necromancers
  4 mana vipers
  31 deep elf pyromancers
  11 deep elf archers
  3 harpies (D:12)
  A frost giant zombie (D:15)
  4 orc sorcerers
  A wizard (Vaults:1)
  4 manticores
  A wolf spider (D:13)
  9 cyclopes
  28 ugly things
  4 will-o-the-wisps
  9 salamanders
  An ice statue (IceCv)
  15 naga magi
  9 elephants
  36 black mambas
  The ghost of baller8008 the Destroyer, a novice DECj of Qazlal (D:6)
  A frost giant skeleton (D:15)
  2 guardian serpents
  7 vault sentinels
  An elephant (shapeshifter) (D:11)
  3 gargoyles
  8 cane toads
  4 orange demons
  7 torpor snails
  2 unseen horrors (D:13)
  2 rime drakes
  A rime drake (shapeshifter) (D:14)
  2 tengu conjurers (D:13)
  A freezing wraith (D:13)
  14 komodo dragons
  2 kobold demonologists (D:11)
  4 efreet
  8 yaktaurs
  A spriggan skeleton (D:15)
  17 hornets
  A guardian mummy (D:14)
  5 trolls
  9 tyrant leeches
  15 polar bears
  3 meliai (D:14)
  Grinder (D:5)
  6 dream sheep (Lair:5)
  15 blink frogs
  A spectral elephant (Lair:3)
  2 air elementals (Elf:3)
  A water elemental (Elf:3)
  7 wraiths
  24 slime creatures
  7 spriggans
  A centaur simulacrum (D:14)
  2 vampires
  A wyvern (Lair:4)
  3 shadows
  9 basilisks
  5 fire elementals
  56 yaks
  Eustachio (D:5)
  2 steam dragons
  7 vampire mosquitoes
  A redback (Vaults:1)
  13 swamp worms
  8 wargs
  52 nagas
  23 water moccasins
  4 acid dragons
  3 large abominations
  A spectral blink frog (Lair:3)
  A swamp drake (Swamp:1)
  5 black bears
  4 ice beasts
  29 orc warriors
  10 ogres
  17 wolves
  18 centaurs
  3 phantoms
  6 elf zombies
  8 kobold brigands
  10 bullfrogs
  A gnoll sergeant (D:11)
  5 scorpions
  2 elf skeletons (D:4)
  14 wights
  11 killer bees
  3 electric eels (Snake:1)
  3 howler monkeys
  5 quasits
  5 human zombies
  4 hounds
  21 orc priests
  A gnoll bouda (D:6)
  6 jellies
  A human skeleton (D:4)
  An iguana (D:6)
  21 orc wizards
  2 mummies (Ossuary)
  Robin (D:3)
  8 gnolls (D:6)
  6 adders
  4 shadow imps
  9 white imps
  5 ufetubi
  3 adder zombies (Ossuary)
  A dart slug (D:1)
  80 orcs
  12 ball pythons
  2 bats
  13 endoplasms
  5 giant cockroaches
  7 goblins
  14 hobgoblins
  9 jackals
  6 quokkas
  4 frilled lizards
  2 goblin zombies (Ossuary)
  10 hobgoblin zombies (Ossuary)
  A jackal zombie (Ossuary)
  20 kobolds
  10 kobold zombies (Ossuary)
  9 orc zombies
  5 rats
  A rat zombie (Ossuary)
  A withered plant (D:12)
1425 creatures vanquished.

Vanquished Creatures (collateral kills)
  An orc priest (Orc:2)
1 creature vanquished.

Vanquished Creatures (others)
  A green death (Swamp:4)
  A naga sharpshooter (Snake:2)
  A deep elf knight (Elf:1)
  2 goliath frogs
  A vault sentinel (Vaults:2)
  A gargoyle (D:13)
  5 bloated husks
  A centaur simulacrum (D:13)
  A water elemental (Elf:3)
  A yak (IceCv)
  2 swamp worms
  An orc warrior (Orc:2)
  3 orc wizards
  A kobold (D:4)
  6 demonic plants (D:7)
  4 foxfires
  37 fungi
  29 plants
  A withered plant (D:15)
99 creatures vanquished.

Grand Total: 1525 creatures vanquished

Notes
Turn   | Place    | Note
-------+----------+-------------------------------------------
     0 | D:1      | hikkokomori the Vine Stalker Fighter began the quest for
                  | the Orb.
     0 | D:1      | Reached XP level 1. HP: 11/11 MP: 2/2
   124 | D:1      | Reached XP level 2. HP: 16/16 MP: 3/3
   158 | D:1      | Reached skill level 3 in Fighting
   306 | D:1      | Reached XP level 3. HP: 20/20 MP: 4/4
   877 | D:2      | Identified the +2 helmet "Qajaxtij" {rF++ Will-}
  1340 | D:3      | Gained mutation: Your natural rate of healing is unusually
                  | fast. [Vine Stalker growth]
  1340 | D:3      | Reached XP level 4. HP: 24/24 MP: 3/5
  1432 | D:3      | Noticed Robin
  1438 | D:3      | Killed Robin
  1714 | D:3      | Learned a level 3 spell: Vhi's Electric Charge
  1801 | D:4      | Noticed a scorpion
  1805 | D:4      | Killed a scorpion
  1806 | D:4      | Reached XP level 5. HP: 29/29 MP: 6/6
  1825 | D:4      | Found a faded altar of an unknown god.
  1862 | D:4      | Reached skill level 1 in Translocations
  1862 | D:4      | Reached skill level 1 in Air Magic
  1908 | D:4      | Reached XP level 6. HP: 33/33 MP: 7/7
  1963 | D:4      | Found a sand-covered staircase.
  1975 | D:4      | Reached skill level 4 in Fighting
  2037 | Ossuary  | Entered an ossuary
  2177 | Ossuary  | Reached XP level 7. HP: 37/37 MP: 8/8
  3113 | D:5      | Entered Level 5 of the Dungeon
  3165 | D:5      | Found a hide-covered altar of Uskayaw.
  3286 | D:5      | Gained mutation: You have razor-sharp teeth. [Vine Stalker
                  | growth]
  3286 | D:5      | Reached XP level 8. HP: 37/42 MP: 6/9
  3362 | D:5      | Noticed Eustachio
  3379 | D:5      | Killed Eustachio
  3706 | D:5      | Reached skill level 5 in Fighting
  3706 | D:5      | Reached skill level 5 in Shields
  3780 | D:5      | Noticed Grinder
  3800 | D:5      | Killed Grinder
  3979 | D:6      | Found a transporter.
  4083 | D:6      | Reached skill level 5 in Short Blades
  4117 | D:6      | Reached XP level 9. HP: 42/47 MP: 7/10
  4117 | D:6      | Noticed baller8008's ghost (novice DECj)
  4162 | D:6      | Found a radiant altar of Vehumet.
  4282 | D:6      | Found a staircase to the Ecumenical Temple.
  4440 | Temple   | Entered the Ecumenical Temple
  4594 | Temple   | Became a worshipper of Warmaster Okawaru
  4639 | D:6      | Reached skill level 5 in Translocations
  4772 | D:6      | Found a transporter.
  4848 | D:6      | Reached skill level 6 in Fighting
  4848 | D:6      | Reached skill level 5 in Air Magic
  4890 | D:6      | Reached skill level 1 in Stealth
  4891 | D:6      | Reached skill level 1 in Spellcasting
  4951 | D:6      | Noticed a white ugly thing
  4952 | D:6      | Noticed a kobold demonologist
  4954 | D:6      | Noticed a soul eater
  5126 | D:7      | Reached skill level 1 in Dodging
  5231 | D:7      | Learned a level 2 spell: Lesser Beckoning
  5414 | D:7      | Reached * piety under Okawaru
  5415 | D:7      | Reached XP level 10. HP: 48/53 MP: 11/14
  5811 | D:7      | Paralysed by a hornet for 3 turns
  6095 | D:8      | Found Fejoerei's Assorted Antiques.
  6110 | D:8      | Bought a scroll of identify for 46 gold pieces
  6110 | D:8      | Bought a scroll of identify for 46 gold pieces
  6353 | D:8      | Noticed Gastronok
  6380 | D:8      | Killed Gastronok
  6380 | D:8      | Reached ** piety under Okawaru
  6381 | D:8      | Reached skill level 7 in Fighting
  6381 | D:8      | Reached skill level 5 in Stealth
  6461 | D:8      | Found Synin's General Store.
  6462 | D:8      | Noticed an orange demon
  6462 | D:8      | Noticed Amaemon
  6468 | D:8      | Killed an orange demon
  6471 | D:8      | Killed Amaemon
  6475 | D:8      | Bought a scroll of identify for 30 gold pieces
  6574 | D:8      | Found Ybliut's General Store.
  6577 | D:8      | Bought a scroll of teleportation for 36 gold pieces
  6664 | D:8      | Found Mironext's Book Emporium.
  7192 | D:9      | Reached XP level 11. HP: 58/58 MP: 18/18
  7221 | D:9      | Reached *** piety under Okawaru
  7271 | D:9      | Reached skill level 5 in Spellcasting
  7425 | D:9      | Identified the +9 falchion "Aceczixe" {antimagic, *Rage
                  | rPois Int-4 Dex+3}
  7570 | D:9      | Learned a level 3 spell: Teleport Other
  7683 | D:9      | Found a bloodstained altar of Trog.
  7683 | D:9      | Found a snail-covered altar of Cheibriados.
  7683 | D:9      | Found a shimmering altar of Xom.
  7758 | D:9      | Found a runed translucent door.
  7767 | D:9      | Noticed a deep elf pyromancer
  7767 | D:9      | Noticed superbruh's ghost (novice MiFi)
  7931 | D:9      | Found an ornate altar of the Wu Jian Council.
  8282 | D:10     | Entered Level 10 of the Dungeon
  8286 | D:10     | Found a staircase to the Orcish Mines.
  8403 | D:10     | Noticed a two-headed ogre
  8419 | D:10     | Killed a two-headed ogre
  8419 | D:10     | Reached **** piety under Okawaru
  8420 | D:10     | Reached skill level 8 in Fighting
  8742 | D:10     | Reached skill level 1 in Invocations
  8927 | D:10     | Found a staircase to the Lair.
  9116 | Lair:1   | Entered Level 1 of the Lair of Beasts
  9266 | Lair:1   | Reached ***** piety under Okawaru
  9326 | Lair:1   | Reached XP level 12. HP: 48/65 MP: 20/20
  9468 | Lair:1   | Learned a level 3 spell: Gell's Gravitas
  9722 | Lair:2   | Received a gift from Okawaru
  9751 | Lair:2   | Found a hazy altar of Hepliaklqana.
 10073 | Lair:2   | Identified the +5 dagger "Voriggil" {flame, rPois rN+ Dex-4
                  | Stlth+} (Okawaru gifted it to you on level 2 of the Lair of
                  | Beasts)
 10073 | Lair:2   | Received a gift from Okawaru
 10142 | Lair:2   | Reached skill level 9 in Fighting
 10517 | Lair:3   | Noticed a boulder beetle
 10547 | Lair:3   | Killed a boulder beetle
 10548 | Lair:3   | Noticed a death yak
 10602 | Lair:3   | Killed a death yak
 10891 | Lair:3   | Found a staircase to the Snake Pit.
 11091 | Lair:3   | Reached skill level 5 in Invocations
 11095 | Lair:3   | Found a staircase to the Swamp.
 11095 | Lair:3   | Noticed a ghost crab
 11163 | Lair:3   | Received a gift from Okawaru
 11407 | Lair:3   | Killed a ghost crab
 11548 | Lair:4   | Reached XP level 13. HP: 57/70 MP: 18/21
 11564 | Lair:4   | Reached skill level 10 in Stealth
 11595 | Lair:4   | You fall into a shaft and drop 1 floor!
 11595 | Lair:5   | Entered Level 5 of the Lair of Beasts
 11595 | Lair:5   | Found a viscous altar of Jiyva.
 11595 | Lair:5   | Found a staircase to the Slime Pits.
 11760 | Lair:5   | Reached skill level 10 in Fighting
 11762 | Lair:5   | Reached ****** piety under Okawaru
 11768 | Lair:5   | Received a gift from Okawaru
 12068 | Lair:5   | Found a runed translucent door.
 12069 | Lair:5   | Noticed an ice dragon
 12288 | Lair:5   | Received a gift from Okawaru
 12693 | Lair:5   | Reached skill level 10 in Translocations
 13078 | Lair:4   | Reached XP level 14. HP: 77/77 MP: 22/22
 14035 | Orc:1    | Entered Level 1 of the Orcish Mines
 14159 | Orc:1    | Found a frozen archway.
 14168 | IceCv    | Entered an ice cave
 14287 | IceCv    | Identified the +13 chain mail of Tenacity {rElec Str+2
                  | Int+2} (Okawaru gifted it to you in an ice cave)
 14287 | IceCv    | Received a gift from Okawaru
 14409 | IceCv    | Reached skill level 11 in Fighting
 14409 | IceCv    | Reached skill level 5 in Dodging
 14478 | IceCv    | Learned a level 2 spell: Blink
 15716 | Orc:2    | Entered Level 2 of the Orcish Mines
 16163 | Orc:2    | Found Acwokh's Antique Weapon Shop.
 16163 | Orc:2    | Found Noewud's Jewellery Shoppe.
 16166 | Orc:2    | Found Lovuarir's Weapon Shoppe.
 16166 | Orc:2    | Found Oliproto's General Store.
 16182 | Orc:2    | Bought the ring of Ywomn {rF+ rC+ Str+8 Dex-5} for 634 gold
                  | pieces
 16357 | Orc:2    | Found a staircase to the Elven Halls.
 16693 | D:6      | Killed baller8008's ghost
 16826 | D:9      | Killed superbruh's ghost
 16925 | D:11     | Reached XP level 15. HP: 82/83 MP: 26/26
 16988 | D:11     | Received a gift from Okawaru
 17158 | D:11     | Identified a scroll of acquirement
 17158 | D:11     | Acquired the +1 buckler of Fitid {rPois Int+4 Dex+5}
 17623 | D:12     | Found a portal to a secret trove of treasure.
 17625 | D:12     | Noticed Snorg
 17647 | D:12     | Killed Snorg
 17648 | D:12     | Reached skill level 5 in Armour
 17659 | Trove    | Entered a treasure trove
 18315 | D:12     | Reached skill level 12 in Fighting
 18670 | D:13     | Found a gate to the Vaults.
 18731 | D:13     | Reached skill level 10 in Invocations
 19313 | D:13     | Reached XP level 16. HP: 73/90 MP: 23/29
 19385 | D:13     | Noticed a tengu reaver
 19398 | D:13     | Identified the ring "Bymar" {rC+ Str+6 Int+6}
 19410 | D:13     | Killed a tengu reaver
 20496 | D:14     | Identified the +6 buckler of the Ant {Fly rElec} (Okawaru
                  | gifted it to you on level 14 of the Dungeon)
 20496 | D:14     | Received a gift from Okawaru
 20998 | D:14     | Found Fiv Afug's Book Emporium.
 21009 | D:14     | Reached skill level 13 in Fighting
 21015 | D:14     | Bought a book of Burglary for 280 gold pieces
 21017 | D:14     | Learned a level 1 spell: Apportation
 21021 | D:14     | Learned a level 3 spell: Swiftness
 21024 | D:14     | Learned a level 2 spell: Passwall
 21024 | D:14     | Noticed Nessos
 21037 | D:14     | Killed Nessos
 21507 | D:15     | Entered Level 15 of the Dungeon
 21507 | D:15     | Found a staircase to the Depths.
 21535 | D:15     | Reached skill level 1 in Earth Magic
 21614 | D:15     | Noticed Josephine
 21626 | D:15     | Killed Josephine
 21642 | D:15     | Reached skill level 10 in Spellcasting
 22488 | Swamp:1  | Entered Level 1 of the Swamp
 22594 | Swamp:1  | Noticed Frances
 22606 | Swamp:1  | Reached XP level 17. HP: 95/95 MP: 32/32
 22616 | Swamp:1  | Killed Frances
 22704 | Swamp:1  | Received a gift from Okawaru
 23238 | Swamp:2  | Reached skill level 1 in Transmutations
 23307 | Swamp:2  | Received a gift from Okawaru
 24085 | Swamp:3  | Reached skill level 1 in Evocations
 24288 | Swamp:3  | Reached skill level 10 in Short Blades
 24503 | Swamp:4  | Entered Level 4 of the Swamp
 24578 | Swamp:3  | Reached skill level 5 in Earth Magic
 24706 | Swamp:4  | Paralysed by a fenstrider witch for 3 turns
 25474 | Swamp:4  | Noticed a tentacled monstrosity
 25482 | Swamp:4  | Received a gift from Okawaru
 25496 | Swamp:4  | Killed a tentacled monstrosity
 25532 | Swamp:4  | Got a decaying rune of Zot
 25560 | Swamp:4  | Reached XP level 18. HP: 80/100 MP: 33/33
 25745 | Snake:1  | Entered Level 1 of the Snake Pit
 25935 | Snake:1  | Reached skill level 5 in Evocations
 26922 | Snake:2  | Noticed Vashnia
 26957 | Snake:2  | Killed Vashnia
 27002 | Snake:2  | Reached skill level 14 in Fighting
 27014 | Snake:2  | Noticed Nikola
 27018 | Snake:2  | Killed Nikola
 27018 | Snake:2  | Received a gift from Okawaru
 27304 | Snake:2  | Noticed Aizul
 27322 | Snake:2  | Killed Aizul
 27875 | Snake:3  | Found Hiapsen's Magic Scroll Shoppe.
 27878 | Snake:3  | Found Jiumm's Antique Armour Shoppe.
 27878 | Snake:3  | Found Soemoav's Antique Weapon Emporium.
 27881 | Snake:3  | Found Fynawut's Antique Weapon Emporium.
 28180 | Snake:4  | Entered Level 4 of the Snake Pit
 28790 | Snake:4  | Reached XP level 19. HP: 91/107 MP: 31/34
 28969 | Snake:4  | Identified the +0 helmet of the Shifting Gods {Harm rElec
                  | rPois rC++} (Okawaru gifted it to you on level 4 of the
                  | Snake Pit)
 28969 | Snake:4  | Received a gift from Okawaru
 29331 | Snake:4  | Got a serpentine rune of Zot
 29706 | Elf:1    | Entered Level 1 of the Elven Halls
 29867 | Elf:1    | Reached skill level 10 in Armour
 30252 | Elf:1    | Reached skill level 15 in Fighting
 30345 | Elf:1    | Identified the +0 robe of Okawaru's Grace {Int+3 Dex+2}
                  | (Okawaru gifted it to you on level 1 of the Elven Halls)
 30345 | Elf:1    | Received a gift from Okawaru
 30702 | Elf:1    | Got the Opusculum on Diablerie
 30733 | Elf:2    | Found Imunu's Book Boutique.
 30757 | Elf:2    | Found Zabrug's Magic Scroll Emporium.
 30871 | Elf:2    | Found Atyedghu's Armour Emporium.
 31192 | Elf:2    | Found Cacepi's Jewellery Shop.
 31219 | Elf:2    | Found Xaeqowk's Antique Weapon Emporium.
 31227 | Elf:2    | Bought a brightly glowing rapier for 225 gold pieces
 31227 | Elf:2    | Identified the +9 rapier "Macsini" {freeze, Will+ Int+3
                  | Stlth+} (You bought it in a shop on level 2 of the Elven
                  | Halls)
 31245 | Elf:2    | Found a runed translucent gate.
 31247 | Elf:2    | Found a runed translucent gate.
 31247 | Elf:2    | Found a runed translucent gate.
 31621 | Elf:2    | Reached XP level 20. HP: 81/113 MP: 35/35
 31898 | Elf:2    | Identified the +1 pair of boots "Obboiqiz" {Str+5} (Okawaru
                  | gifted it to you on level 2 of the Elven Halls)
 31898 | Elf:2    | Received a gift from Okawaru
 32122 | Elf:2    | Bought a manual of Conjurations for 1040 gold pieces
 32141 | Elf:3    | Entered Level 3 of the Elven Halls
 32276 | Elf:3    | Reached skill level 1 in Conjurations
 32423 | Elf:3    | Identified the +4 rapier "Ajiomawi" {speed, Fly rF+ rN++
                  | Str-5}
 32449 | Elf:3    | Noticed a Tzitzimitl
 32514 | Elf:3    | Identified the ring of Naofus {rElec rPois rC- MP+9 Str+6}
 32517 | Elf:3    | Reached skill level 10 in Dodging
 32540 | Elf:3    | Noticed a Tzitzimitl
 32646 | Elf:3    | Identified the +11 trident "Killer Klown's Peril" {vamp,
                  | Str-5 Int+3 Dex+7 Stlth-}
 32692 | Elf:3    | Identified the amulet "Ficzubiacw" {Faith rElec Will+++
                  | Dex-3}
 32705 | Elf:3    | Reached skill level 5 in Conjurations
 32720 | Elf:3    | Identified the ring "Fisos" {Fire MP-9 Str+4 Dex+3}
 32993 | Elf:3    | Received a gift from Okawaru
 32993 | Elf:3    | Found the +0 pair of fencer's gloves {Riposte Dex+3}
 33822 | Vaults:1 | Entered Level 1 of the Vaults
 33867 | Vaults:1 | Reached skill level 16 in Fighting
 34331 | Vaults:1 | Reached XP level 21. HP: 117/119 MP: 36/36
 34732 | Vaults:1 | Identified the +0 cloak "Nikuoleo" {rC+++ Str+3 Dex-5}
                  | (Okawaru gifted it to you on level 1 of the Vaults)
 34732 | Vaults:1 | Received a gift from Okawaru
 35031 | Vaults:1 | Upgraded the game from 0.30-a0-715-gdb4ae3ece1 to
                  | 0.30-a0-718-geaa24f58ff
 35169 | Vaults:2 | Found a staircase to the Crypt.
 35169 | Vaults:2 | Found an ancient bone altar of Kikubaaqudgha.
 35169 | Vaults:2 | Found a basalt altar of Yredelemnul.
 35369 | Vaults:2 | Learned a level 5 spell: Irradiate
 35402 | Vaults:2 | Noticed Frederick
 35410 | Vaults:2 | Killed Frederick
 35416 | Vaults:2 | Learned a level 3 spell: Stone Arrow
 35421 | Vaults:2 | Learned a level 4 spell: Iskenderun's Mystic Blast
 35421 | Vaults:2 | Acquired the ring of Melee {Wiz Int+2}
 35501 | Vaults:2 | Noticed Saint Roka
 35900 | Elf:2    | Bought the amulet of Vitality {RegenMP++ Regen++} for 1800
                  | gold pieces
 35900 | Elf:2    | Found the amulet of Vitality {RegenMP++ Regen++}
 36576 | Arena    | Entered the Arena
 36578 | Arena    | Mangled by a yaktaur captain

Illustrated notes

Levels and vault maps discovered:
D:1:      evilmike_arrival_crescent, layout_basic,
          amcnicky_mini_rare_corridor_liquid, minmay_circled_x
D:2:      layout_rooms
D:3:      layout_rooms, uniq_robin
D:4:      layout_cave_pods, nicolae_ossuary_entry_catacombs,
          serial_column_ruins, column_ruins_temple_circle,
          column_ruins_columns_dead_end, column_ruins_open_tiny,
          column_ruins_grid_1, column_ruins_grid_1,
          column_ruins_columns_straight, st_stairs_10
D:5:      layout_loops_cross, mainiacjoe_overflow_surrounded_room,
          uniq_eustachio, uniq_grinder
D:6:      layout_loops_ring, mainiacjoe_overflow_catwalk,
          minmay_temple_entry_tees, gammafunk_ghost_stat_death,
          dreamdust_mushroom_princess, minmay_divided_ellipse
D:7:      layout_loops_corners, serial_demonic, serial_demonic_f,
          serial_demonic_d, serial_demonic_f, serial_demonic_c,
          serial_demonic_b, serial_demonic_f, serial_demonic_f, serial_demonic_e
D:8:      layout_basic, serial_shops, nicolae_shop_hallway_plus,
          nicolae_shop_hallway_plus, nicolae_shop_advertising_works
          [nicolae_subvault_shop_adworks], nicolae_shop_behind_doors,
          supply_closet_lemuel, chequers_serial_rivers_room_b,
          kennysheep_nondescript, st_stairs_3, uniq_gastronok, uniq_amaemon
D:9:      layout_basic, nicolae_wu_jian_glorious_leap,
          gammafunk_temple_overflow_claw, ebering_ghost_inner_flame
D:10:     layout_cave_pools, erik_lair_dragon, minmay_orc_entry_guard_dogs
D:11:     minmay_ornate_pinched, layout_rooms, dk_vineyard_2,
          minmay_quadrilaterals
D:12:     layout_cross, enter_trove_2, argonaut_gorgonesque, uniq_snorg
D:13:     layout_basic, skrybe_vaults_entry_preservation, nrook_campfire,
          small_statue_intersection, nicolae_rejected_hall
D:14:     layout_grid_maze, serial_shops, nicolae_shop_trees,
          minmay_misc_feat_alley, uniq_nessos
D:15:     gammafunk_depths_entry_grave, layout_loops_ring,
          hangedman_decor_peaks_small, uniq_josephine
Temple:   eino_temple_rhombus
Lair:1:   layout_concentric_octagons
Lair:2:   layout_roguey, basic_altar, chequers_serial_rivers_room_b
Lair:3:   layout_small_grid, nicolae_swamp_entry_spooky,
          guppyfry_snake_entry_garden
Lair:4:   layout_roguey, grunt_megastairs_3
Lair:5:   wormcave, layout_concentric_octagons, minmay_slime_entry_pillars
Swamp:1:  nicolae_swamp_decorative_isthmus, layout_falls_marsh,
          nicolae_swamp_treefoil, infiniplex_staircase_pool_2, uniq_frances
Swamp:2:  layout_basic_swamp, nicolae_swamp_well_well_well,
          infiniplex_staircase_pool
Swamp:3:  layout_falls_marsh, nicolae_swamp_stair_fork, swamp_pool2
Swamp:4:  swamp_vile, layout_basic_swamp, swamp_pool1
Snake:1:  layout_grid_maze, nicolae_snake_snake_lake,
          nicolae_snake_guarding_the_ruins
Snake:2:  layout_onion_interference, nicolae_elevator_lobby_asterisk,
          uniq_aizul, uniq_vashnia, uniq_nikola
Snake:3:  layout_onion_interference, lemuel_fruit_tree, minmay_shoptagon
Snake:4:  minmay_snake_end_coiled, layout_cave_town,
          nicolae_snake_slithery_corners
Orc:1:    layout_caves, basic_altar, portal_ice_cave_entry_pillars_2
Orc:2:    grunt_orc_tribal_feast, layout_caves
Elf:1:    minmay_elf_arrival_plus, layout_gridlike, minmay_elf_necromancy,
          nrook_uturn
Elf:2:    nicolae_elf_blades_splatter_lattice [nicolae_blade_lattice],
          layout_loops_ring, serial_shops, shop, shop_scrolls,
          nicolae_square_shop, shop_fountains, shop, grunt_ministairs_8
Elf:3:    grunt_elf_hall_branching, layout_geoelf_octagon
Vaults:1: v_alt_pattern_2, v_misc_13, nicolae_vaults_angled_halls,
          vaults_room_pool, hangedman_vaults_trim, v_misc_1, v_rooms_2,
          grunt_vaults_hallway_short, v_pattern_1, v_misc_26,
          nicolae_vaults_little_squares_2, nicolae_vaults_shelves_hall,
          layout_vaults_ring
Vaults:2: hangedman_vaults_river_flow, st_squares,
          nicolae_vaults_three_branches, vaults_mumra_minichess_inversion,
          nicolae_vaults_twisting_passages, minmay_crypt_entry_necro_gods,
          hangedman_vaults_nails, vaults_dpeg_hooks, v_misc_1,
          ontoclasm_vaults_claustrophobia, vaults_room_pools, v_misc_25,
          ontoclasm_vaults_gateway, nicolae_vaults_shelves_hall,
          layout_vaults_omnibox, uniq_frederick, uniq_saint_roka
Arena

Skill      XL: |  1  2  3  4  5  6  7  8  9 10 11 12 13 14 15 16 17 18 19 20 21 |
---------------+----------------------------------------------------------------+-----
Short Blades   | 2 3 4 5 6 7 8 9 10 11 | 11.2
Fighting       | 3 4 5 6 7 8 9 10 11 12 13 14 15 16 | 16.6
Shields        | 3 4 5 6 7 |  7.7
Translocations | 1 2 3 4 5 7 8 10 11 12 | 12.2
Air Magic      | 1 2 3 4 5 6 |  6.3
Stealth        | 2 6 7 9 11 | 11.4
Spellcasting   | 2 4 5 7 8 10 | 10.7
Dodging        | 1 2 4 5 7 9 10 11 | 11.0
Invocations    | 3 5 7 9 10 11 12 | 12.0
Armour         | 4 6 7 8 9 10 11 12 | 12.1
Earth Magic    | 3 6 |  6.8
Transmutations | 2 |  2.9
Evocations     | 4 7 8 |  8.8
Conjurations   | 7 9 |  9.7

Action                     |  1- 3 |  4- 6 |  7- 9 | 10-12 | 13-15 | 16-18 | 19-21 || total
---------------------------+-------+-------+-------+-------+-------+-------+-------++-------
  Melee: Rapier            |   123 |   208 |   430 |       |       |       |   239 ||  1000
         Bite              |    31 |    80 |   177 |   336 |   649 |   912 |   853 ||  3038
         Short sword       |       |       |    42 |   822 |       |       |       ||   864
         Quick blade       |       |       |       |    47 |  1460 |  1950 |  1567 ||  5024
  Throw: Dart              |       |       |     1 |     3 |     3 |       |       ||     7
   Cast: Vhi's Electric Ch |       |       |       |     4 |     8 |    24 |    27 ||    63
         Gell's Gravitas   |       |       |       |       |     2 |     4 |       ||     6
 Invoke: Heroism           |       |       |       |     7 |    16 |    13 |     9 ||    45
         Duel              |       |       |       |       |       |       |     1 ||     1
  Evoke: Wand              |       |     2 |       |    10 |     2 |     7 |     4 ||    25
         Tin of tremorston |       |       |       |     2 |     2 |     1 |     2 ||     7
    Use: Scroll            |       |     6 |    12 |    10 |    16 |    10 |     2 ||    56
         Potion            |       |       |     1 |     1 |     5 |     1 |     1 ||     9
   Stab: Sleeping          |       |       |       |    16 |    18 |     8 |    15 ||    57
         Distracted        |       |       |       |     1 |       |     2 |     2 ||     5
         Petrifying        |       |       |       |       |     1 |       |       ||     1
         Petrified         |       |       |       |       |     1 |       |       ||     1
 Armour: Scale mail        |    62 |    64 |   223 |    68 |       |       |       ||   417
         Leather armour    |       |       |       |    37 |    42 |       |       ||    79
         Chain mail        |       |       |       |       |   268 |   549 |   313 ||  1130
         Ice dragon scales |       |       |       |       |    22 |       |       ||    22
         Troll leather arm |       |       |       |       |       |       |    38 ||    38
  Dodge: Dodged            |    67 |    42 |   162 |   150 |   299 |   399 |   413 ||  1532
  Block: Buckler           |    26 |    58 |   250 |   193 |   326 |   614 |   416 ||  1883
         Reflection        |       |       |     6 |     3 |     7 |    43 |    51 ||   110
Riposte: Quick blade       |       |       |       |       |       |       |    42 ||    42
         Rapier            |       |       |       |       |       |       |    48 ||    48

Table legend: (Time is in decaauts)
 A = Elapsed time spent in this place.
 B = Non-inter-level travel time spent in this place.
 C = Inter-level travel time spent in this place.
 D = Time resting spent in this place.
 E = Time spent auto-exploring this place.
 F = Levels seen in this place.
 G = Mean time per level.
                   A        B        C        D        E       F      G
               +--------+--------+--------+--------+--------+-----+--------+
         Total |  33074 |  29857 |   3217 |    755 |  20380 |  40 |  826.8 |
       Dungeon |  13782 |  12287 |   1495 |    198 |   8800 |  15 |  918.8 |
        Temple |    165 |    147 |     18 |      0 |    134 |   1 |  165.0 |
          Lair |   4558 |   4028 |    530 |     47 |   2998 |   5 |  911.6 |
         Swamp |   3066 |   2900 |    166 |    198 |   1795 |   4 |  766.5 |
     Snake Pit |   3184 |   3027 |    157 |     70 |   2083 |   4 |  796.0 |
  Orcish Mines |   1338 |   1010 |    328 |     13 |    599 |   2 |  669.0 |
   Elven Halls |   3349 |   3061 |    288 |     98 |   1902 |   3 | 1116.3 |
        Vaults |   2113 |   1882 |    231 |     60 |   1307 |   2 | 1056.5 |
         Trove |     53 |     53 |      0 |      0 |      0 |   1 |   53.0 |
       Ossuary |    368 |    368 |      0 |      0 |    136 |   1 |  368.0 |
      Ice Cave |   1091 |   1091 |      0 |     71 |    624 |   1 | 1091.0 |
         Arena |      1 |      1 |      0 |      0 |      0 |   1 |    1.0 |
               +--------+--------+--------+--------+--------+-----+--------+

Top non-repeatable levels by time:
    D:13: 1427 daAuts
     D:6: 1302 daAuts
  Lair:5: 1301 daAuts
     D:9: 1250 daAuts
   Elf:3: 1242 daAuts
Vaults:1: 1238 daAuts
  Lair:3: 1208 daAuts
   Elf:2: 1196 daAuts
   IceCv: 1091 daAuts
    D:14: 1078 daAuts
 Snake:4: 1068 daAuts
    D:10: 1056 daAuts
     D:8: 986 daAuts
 Snake:1: 970 daAuts
     D:4: 959 daAuts
